 Dungeon Crawl Stone Soup version 0.29.0-4-gdea44cf6ec (webtiles) character file.

Game seed: 1474380407785378783

13 qw the Sneak (level 2, -5/19 HPs)
             Began as a Gargoyle Delver on Sept 10, 2022.
             Slain by Blork the orc
             ... wielding a +0 long sword
              (8 damage)
             ... on level 4 of the Dungeon.
             The game lasted 00:00:04 (317 turns).

qw the Sneak (Gargoyle Delver)                       Turns: 317, Time: 00:00:05

Health: -5/19      AC:  5    Str: 15    XL:     2   Next: 37%
Magic:  2/2        EV: 11    Int: 10    God:
Gold:   10         SH:  0    Dex: 11    Spells: 1/1 levels left

rFire   . . .      SeeInvis .   a - +0 hand axe
rCold   . . .      Faith    .   (no shield)
rNeg    + . .      Spirit   .   b - +0 leather armour
rPois   inf        Reflect  .   (no helmet)
rElec   +          Harm     .   (no cloak)
rCorr   .          Rampage  .   (no gloves)
Will    .....                   (no boots)
Stlth   +++.......              (no amulet)
HPRegen 0.06/turn               (no ring)
MPRegen 0.08/turn               (no ring)

@: no status effects
A: sickness immunity, AC +2, negative energy resistance 1, electricity
resistance, torment resistance 1, petrification resistance
a: no special abilities


You were on level 4 of the Dungeon.
You visited 1 branch of the dungeon, and saw 2 of its levels.

You collected 10 gold pieces.


Innate Abilities, Weirdness & Mutations

You are immune to sickness and miasma.
Your stone body is resilient. (AC +2)
You are immune to poison.
You resist negative energy. (rN+)
You are resistant to electric shocks. (rElec)
You are resistant to unholy torment.
You are immune to petrification.


   Skills:
 - Level 3.2 Fighting
 + Level 2.7 Axes
 - Level 1.5 Dodging
 - Level 5.4 Stealth


You had one spell level left.
You didn't know any spells.
Your spell library was empty.

Inventory:

Hand Weapons
 a - a +0 hand axe (weapon)
Armour
 b - a +0 leather armour (worn)
Wands
 g - a wand of digging (3)
Potions
 f - a potion of haste
 h - a potion of curing {unknown}

Dungeon Overview and Level Annotations

Branches:
Dungeon (5/15)
 Temple: D:4-7

Altars:

Annotations:
D:4 Blork the orc
D:5 1 transporter


Message History

The adder is almost dead.
The adder bites you but does no damage.
You hit the adder.
You kill the adder!
You have reached level 2!
You start resting.
HP restored.
You now have 10 gold pieces.
Found a stone staircase leading up.
298 ||| DROPPING scroll of fog.
You drop a scroll of fog.
299 ||| DROPPING scroll of magic mapping.
You drop a scroll of magic mapping.
300 ||| DROPPING scroll of fear.
You drop a scroll of fear.
(D) Dungeon
Where to? (* - list waypoints, ? - help)
What level of the Dungeon? (default 1, ? - help)
There is a stone staircase leading up here.
You climb upwards.
There is a stone staircase leading down here.
Blork the orc is nearby!
Existing waypoints: (2) D:5 Assign waypoint to what number? (0-9, D - delete waypoint) Waypoint 1 assigned to D:4.
The helpless Blork the orc fails to defend himself.
You hit Blork the orc but do no damage.
Blork the orc hits you with a +0 long sword.
You closely miss Blork the orc. Blork the orc closely misses you.
You completely miss Blork the orc. Blork the orc closely misses you.
You completely miss Blork the orc. Blork the orc closely misses you.
You closely miss Blork the orc.
Blork the orc hits you with a +0 long sword!
Ouch! That really hurt!
You hit Blork the orc.
Blork the orc is lightly wounded.
Blork the orc hits you with a +0 long sword!
You die...

##+## #...
#... #..#
#..#######.
#.>@o......
#..........
#..##.#####
#### ##


You could see Blork the orc.

Vanquished Creatures
  An adder (D:5)
  3 jackals (D:5)
4 creatures vanquished.

Notes
Turn   | Place    | Note
-------+----------+-------------------------------------------
     0 | D:5      | qw the Gargoyle Delver began the quest for the Orb.
     0 | D:5      | Reached XP level 1. HP: 14/14 MP: 1/1
     0 | D:5      | 0 ||| qw: Version: 0.1-a-116-g5d60599
     0 | D:5      | 0 ||| qw: Game counter: 9090
     0 | D:5      | 0 ||| qw: Always use a shield: true
     0 | D:5      | 0 ||| qw: God list: Okawaru
     0 | D:5      | 0 ||| qw: Allow faded altars: false
     0 | D:5      | 0 ||| qw: Do Orc after D:15 true
     0 | D:5      | 0 ||| qw: Do second Lair branch before Depths: true
     0 | D:5      | 0 ||| qw: Lair rune preference: random
     0 | D:5      | 0 ||| qw: Plans: Normal
     0 | D:5      | 0 ||| PLANNING D:1-11
   226 | D:5      | Reached XP level 2. HP: 15/19 MP: 2/2
   297 | D:5      | Found a transporter.
   298 | D:5      | 298 ||| DROPPING scroll of fog.
   299 | D:5      | 299 ||| DROPPING scroll of magic mapping.
   300 | D:5      | 300 ||| DROPPING scroll of fear.
   310 | D:4      | Noticed Blork the orc
   316 | D:4      | HP: 3/19 [Blork the orc/+0 long sword (11)]
   317 | D:4      | Slain by Blork the orc

Levels and vault maps discovered:
D:4:      layout_gridville, eino_small_chamber_without_monster,
          nicolae_elemental_shop, kennysheep_path_1, uniq_ijyb,
          uniq_blork_the_orc, uniq_duvessa
D:5:      layout_basic, nicolae_qazlal_eye_of_the_storm,
          minmay_temple_entry_tees, gammafunk_ghost_arena

Skill      XL: |  1 |
---------------+----+-----
Axes           | 2 |  2.7
Fighting       | |  3.2
Dodging        | |  1.5
Stealth        | |  5.4

Action                   || total
-------------------------++-------
Melee: Hand axe          ||    21
 Stab: Sleeping          ||     1
Armor: Leather armour    ||     6
Dodge: Dodged            ||    10

Table legend:
 A = Non-vault XP
 B = Vault XP
 C = Vault XP percentage of total XP
 D = Non-vault monster count
 E = Vault monster count
 F = Vault count percentage of total count
                 A         B        C        D         E       F
            +---------+---------+-------+---------+---------+-------
      Total |      19 |       0 |   0.0 |       4 |       0 |   0.0
            +---------+---------+-------+---------+---------+-------
        D:5 |      19 |       0 |   0.0 |       4 |       0 |   0.0
            +---------+---------+-------+---------+---------+-------
